 Dungeon Crawl Stone Soup version 0.27-a0-488-g88baaf19db (webtiles) character file.

Game seed: 12912728164377655170

1 Klosterheim the Sneak (level 1, -12/18 HPs)
             Began as a Demonspawn Delver on Mar 1, 2021.
             Mangled by an ogre
             ... wielding a +0 giant club
              (30 damage)
             ... on level 6 of the Dungeon.
             The game lasted 00:01:29 (382 turns).

Klosterheim the Sneak (Demonspawn Delver)            Turns: 382, Time: 00:01:30

Health: -12/18     AC:  3    Str: 12    XL:     1   Next: 16%
Magic:  1/1        EV: 12    Int: 11    God:
Gold:   49         SH:  0    Dex: 14    Spells: 0/0 levels left

rFire    . . .     SeeInvis .   a - +0 mace
rCold    . . .     Faith    .   (no shield)
rNeg     . . .     Spirit   .   b - +0 leather armour
rPois    .         Reflect  .   (no helmet)
rElec    .         Harm     .   (no cloak)
rCorr    .         Rampage  .   (no gloves)
Will     .....                  (no boots)
Stlth    ++........             (no amulet)
HPRegen  0.06/turn              (no ring)
MPRegen  0.07/turn              (no ring)

@: hasted, very quick
A: no striking features
a: no special abilities


You were on level 6 of the Dungeon.
You visited 1 branch of the dungeon, and saw 2 of its levels.

You collected 49 gold pieces.

Inventory:

Hand Weapons
 a - a +0 mace (weapon)
Armour
 b - a +0 leather armour (worn)
Wands
 g - a wand of digging (3)
 l - a wand of charming (6)
Scrolls
 c - a scroll of fog
 d - 2 scrolls of magic mapping
 e - a scroll of fear
 j - a scroll of identify {unknown}
 k - a scroll of teleportation {unknown}
Potions
 h - a potion of berserk rage {unknown}
 i - a potion of might {unknown}


   Skills:
 - Level 3.0 Fighting
 * Level 1.8 Maces & Flails
 + Level 1.8 Dodging
 + Level 4.5 Stealth


You couldn't memorise any spells.
You didn't know any spells.
Your spell library was empty.

Dungeon Overview and Level Annotations

Branches:
Dungeon (6/15)
 Temple: D:4-7

Altars:


Message History

An orc priest comes into view. It is wielding a +0 flail.
The orc priest shouts!
An orc comes into view. It is wielding a +0 hand axe.
The orc priest moves out of view.
Found 14 gold pieces.
An orc comes into view. It is wielding a +0 morningstar.
The orc shouts!
There is a stone staircase leading up here.
You climb upwards.
There is a stone staircase leading down here.
There is a stone staircase leading down here.
You climb downwards.
There is a stone staircase leading up here.
Found a leather armour and a fuming black potion.
Found a scroll labelled BUH WODECEHI, 15 gold pieces and 22 arrows.
i - a fuming black potion
j - a scroll labelled BUH WODECEHI You now have 49 gold pieces (gained 15).
Found 23 arrows.
A giant cockroach comes into view.
Found a scroll labelled HUDWYO AGUG.
The giant cockroach bites you but does no damage.
The giant cockroach misses you.
You closely miss the giant cockroach. The giant cockroach barely misses you.
You hit the giant cockroach.
The giant cockroach is almost dead.
The giant cockroach barely misses you. The giant cockroach closely misses you.
You hit the giant cockroach.
You kill the giant cockroach!
You see here a giant cockroach corpse.
k - a scroll labelled HUDWYO AGUG
l - a wand of charming (6)
Found a great sword.
An ogre comes into view. It is wielding a +0 giant club.
The ogre shouts!
The ogre barely misses you.
You feel yourself speed up.
The ogre hits you with a +0 giant club!!
Ouch! That really hurt!
You die...

#.# #.# ####.####
#.......# #)##.##.#
#.##.# ############
#.##.# #..........#
#.##O# #.......#
#.##.##@###.......##..
#.........#.......##..#
#########.#.....(†##..##
#.#.......##....
#...#..........#
#..######.###..# #++#
#.###... #.......
##.....#


You could see an ogre.

Vanquished Creatures
  A giant cockroach (D:6)
1 creature vanquished.

Notes
Turn   | Place    | Note
-------+----------+-------------------------------------------
     0 | D:5      | Klosterheim the Demonspawn Delver began the quest for the
                  | Orb.
     0 | D:5      | Reached XP level 1. HP: 18/18 MP: 1/1
   135 | D:5      | Noticed an ogre
   240 | D:6      | Noticed an orc priest
   373 | D:6      | Noticed an ogre
   382 | D:6      | Mangled by an ogre

Illustrated notes

Levels and vault maps discovered:
D:5:      layout_basic
D:6:      layout_loops_cross, gammafunk_temple_overflow_wave,
          minmay_misc_feat_plants, uniq_blork_the_orc, uniq_maggie

Action                   || total
-------------------------++-------
Melee: Mace              ||     3
  Use: Potion            ||     1
Armor: Leather armour    ||     1
Dodge: Dodged            ||     5

Table legend: (Time is in decaauts)
 A = Elapsed time spent in this place.
 B = Non-inter-level travel time spent in this place.
 C = Inter-level travel time spent in this place.
 D = Time resting spent in this place.
 E = Time spent auto-exploring this place.
 F = Levels seen in this place.
 G = Mean time per level.
                   A        B        C        D        E       F      G
               +--------+--------+--------+--------+--------+-----+--------+
         Total |    385 |    215 |    170 |      0 |    157 |   2 |  192.5 |
       Dungeon |    385 |    215 |    170 |      0 |    157 |   2 |  192.5 |
               +--------+--------+--------+--------+--------+-----+--------+

Top non-repeatable levels by time:
     D:5: 262 daAuts
     D:6: 123 daAuts
